 Dungeon Sprint DCSS version 0.22-a0-430-g6609fc6 (webtiles) character file.

4 raistware the Sneak (level 1, 0/13 HPs)
             Began as a Vampire Ice Elementalist on May 26, 2018.
             Slain by an ogre
             ... wielding a +0 giant club
              (13 damage)
             ... in the Dungeon (Sprint IX: "|||||||||||||||||||||||||||||").
             The game lasted 00:00:23 (67 turns).

raistware the Sneak (Vampire Ice Elementalist)        Turns: 67, Time: 00:00:24

Health: 0/13       AC:  2    Str:  7    XL:     1   Next: 58%
Magic:  2/3        EV: 12    Int: 17    God:
Gold:   0          SH:  0    Dex: 14    Spells: 3/4 levels left

rFire    . . .     SeeInvis +   (no weapon)
rCold    . . .     Gourm    .   (no shield)
rNeg     . . .     Faith    .   a - +0 robe
rPois    .         Spirit   .   (no helmet)
rElec    .         Reflect  .   (no cloak)
rCorr    .         Harm     .   (no gloves)
MR       .....     NoTele   +   (no boots)
Stlth    +++.......             (no amulet)
HPRegen  0.24/turn              (no ring)
MPRegen  0.08/turn              (no ring)

@: regenerating quickly
A: fangs 3, see invisible, unbreathing
a: no special abilities


You were in the Dungeon.
You were full.

You visited 1 branch

Inventory:

Armour
 a - a +0 robe (worn)
Scrolls
 i - a scroll of blinking
Potions
 c - a potion of blood
 d - a potion of curing
 e - a potion of heal wounds
 f - a potion of haste
 g - 2 potions of magic
 h - a potion of berserk rage


   Skills:
 - Level 2.1 Dodging
 + Level 6.1 Stealth
 - Level 2.0 Spellcasting
   Level 0.6 Conjurations
 - Level 3.0 Ice Magic


You had 3 spell levels left.
You knew the following spells:

 Your Spells              Type           Power        Failure   Level  Hunger
a - Freeze                Ice            ##..         5%          1    #......

Your spell library contained the following spells:

 Spells                   Type           Power        Failure   Level  Hunger
 Throw Frost              Conj/Ice       #.....       14%         2    ###....
 Summon Ice Beast         Ice/Summ       #.......     71%         4    #####..
 Ozocubu's Armour         Chrm/Ice       #.......     30%         3    ###....
 Throw Icicle             Conj/Ice       #.......     67%         4    #####..


Dungeon Overview and Level Annotations

Branches:
Dungeon (1/1)

Altars:


Innate Abilities, Weirdness & Mutations

Your natural rate of healing is unusually fast.
You have razor-sharp teeth.
You have supernaturally acute eyesight. (SInv)
You can survive without breathing.


Message History

Drink blood from a leopard gecko corpse? (ye/n/q) This blood tastes delicious!
Drink blood from a bat corpse? (ye/n/q) This warm blood tastes delicious!
You feel a lot more full.
You start resting.
HP restored.
You open the door.
A hound, a scorpion, an ogre, a shadow imp and a zombie come into view.
There is an open door here.
Casting: Freeze (safe; 5% risk of failure)
Confirm with . or Enter, or press ? or * to list all spells.
Aiming: Freeze (safe; 5% risk of failure)
Press: ? - help, Shift-Dir - straight line, f - ogre
Aim: an ogre, wielding a giant club (resting)
You freeze the ogre.
The ogre is lightly wounded.
The hound barks!
The ogre hits you with a giant club!
Ouch! That really hurt!
You die...

▓.▓
▓.▓
▓'▓
▓.▓
▓.▓
▓.▓
▓.▓
▓.▓
▓@▓
▓O▓
▓s▓
▓Z▓
▓5▓
▓h▓
▓+▓


You could see an ogre, a scorpion, a hound, a shadow imp and a giant cockroach
zombie.

Vanquished Creatures
  A leopard gecko (D)
  2 bats (D)
  A frilled lizard (D)
  A rat (D)
5 creatures vanquished.

Notes
Turn   | Place    | Note
-------+----------+-------------------------------------------
     0 | D        | raistware the Vampire Ice Elementalist began the quest for the Orb.
     0 | D        | Reached XP level 1. HP: 13/13 MP: 3/3
    17 | D        | Reached skill level 4 in Stealth
    27 | D        | Reached skill level 5 in Stealth
    34 | D        | Reached skill level 6 in Stealth
    65 | D        | Noticed an ogre
    65 | D        | Noticed a scorpion
    65 | D        | Noticed a hound
    67 | D        | Slain by an ogre

Vault maps used:
D:        linesprint

Skill      XL: |  1 |
---------------+----+-----
Stealth        | 6 |  6.1
Dodging        | |  2.1
Spellcasting   | |  2.0
Conjurations   | |  0.6
Ice Magic      | |  3.0

Action                   || total
-------------------------++-------
Melee: Unarmed           ||    26
       Bite              ||     2
 Cast: Freeze            ||     5
  Eat: Corpse            ||     3
Armor: Robe              ||     6
Dodge: Dodged            ||    33

Table legend:
 A = Spawn XP
 B = Non-spawn XP
 C = Spawn XP percentage of total XP
 D = Spawn monster count
 E = Non-spawn monster count
 F = Spawn count percentage of total count
 G = Total turns spent on level
                    A         B        C        D         E        F      G
               +---------+---------+-------+---------+---------+-------+---------
         Total |       0 |       7 |   0.0 |       0 |       5 |   0.0 |    67
               +---------+---------+-------+---------+---------+-------+---------
             D |       0 |       7 |   0.0 |       0 |       5 |   0.0 |    67
               +---------+---------+-------+---------+---------+-------+---------
